 Dungeon Crawl Stone Soup version 0.21.0-25-ge575cb9ce8 (webtiles) character file.

3029 Krosko the Basher (level 9, -1/96 HPs)
             Began as a Troll Berserker on Jan 22, 2018.
             Was a Priest of Trog.
             Slain by a yak (4 damage)
             ... on level 10 of the Dungeon.
             The game lasted 00:25:18 (5872 turns).

Krosko the Basher (Troll Berserker)                 Turns: 5872, Time: 00:25:20

Health: -1/96      AC: 12    Str: 33    XL:     9   Next: 56%
Magic:  8/8        EV:  9    Int:  3    God:    Trog [***...]
Gold:   157        SH:  0    Dex:  9    Spells: 8/8 levels left

rFire    x . .     SeeInvis .   a - +0 mace
rCold    + + .     Gourm    +   (no shield)
rNeg     . . .     Faith    .   i - +0 ice dragon scales
rPois    .         Spirit   .   (helmet restricted)
rElec    .         Reflect  .   (no cloak)
rCorr    .         Harm     .   (gloves unavailable)
MR       .....                  (boots unavailable)
Stlth    ..........             e - amulet of rage
HPRegen  0.66/turn              (no ring)
MPRegen  0.11/turn              r - +3 ring of strength

@: about to teleport, berserk cooldown, slowed, very slow
A: large, unfitting armour, claws 3, fast metabolism 3, gourmand, regeneration
1, shaggy fur 1, tough skin 2
a: Berserk, Trog's Hand, Burn Spellbooks, Renounce Religion, Evoke Berserk Rage


You were on level 10 of the Dungeon.
You worshipped Trog.
Trog was most pleased with you.
You were not hungry.

You visited 2 branches of the dungeon, and saw 10 of its levels.

You collected 345 gold pieces.
You spent 188 gold pieces at shops.

Inventory:

Hand Weapons
 a - a +0 mace (weapon)
 G - a +0 flail
Armour
 b - a +0 animal skin
 i - +0 ice dragon scales (worn)
Jewellery
 e - an amulet of rage (around neck)
 r - a +3 ring of strength (right claw)
 D - an uncursed ring of magical power
Wands
 t - a wand of random effects (26)
 v - a wand of scattershot (4)
 y - a wand of polymorph (11)
 B - a wand of acid (11)
 C - a wand of enslavement (18)
Scrolls
 d - 3 scrolls of enchant weapon
 f - 2 scrolls of enchant armour {unknown}
 g - a scroll of magic mapping {unknown}
 h - a scroll of blinking {unknown}
 j - 4 scrolls of identify
 k - 5 scrolls of remove curse
 l - a scroll of fear {unknown}
 m - 3 scrolls of random uselessness
 n - 3 scrolls of amnesia {unknown}
 q - 3 scrolls of teleportation
 x - 2 scrolls of immolation {unknown}
 z - a scroll of silence {unknown}
Potions
 o - a potion of heal wounds {unknown}
 p - a potion of might {unknown}
 s - a potion of berserk rage
 u - 5 potions of curing
 w - a potion of agility {unknown}
 A - a potion of resistance
 E - a potion of degeneration {unknown}
Comestibles
 c - 18 rations


   Skills:
 + Level 7.9 Fighting
 + Level 8.7 Maces & Flails
 * Level 4.3 Dodging


You had 8 spell levels left.
You didn't know any spells.

Dungeon Overview and Level Annotations

Branches:
Dungeon (8/15)             Temple (1/1) D:7
   Lair: D:8-11

Altars:
Ashenzari
Cheibriados
Dithmenos
Elyvilon
Fedhas
Gozag
Hepliaklqana
Kikubaaqudgha
Makhleb
Nemelex Xobeh
Okawaru
Qazlal
Ru
Sif Muna
Trog
Uskayaw
Vehumet
Wu Jian
Xom
Yredelemnul
Zin
The Shining One

Shops:
D:6 ?


Innate Abilities, Weirdness & Mutations

You are too large for most types of armour.
You have claws for hands.
Your metabolism is lightning-fast.
You like to eat raw meat.
Your natural rate of healing is unusually fast.
You are covered in fur. (AC +1)
You have very tough skin. (AC +2)


Message History

The yak closely misses you.
You closely miss the yak.
The yak is heavily wounded.
The yak gores you but does no damage. The yak misses you. The yak gores you.
* * * LOW HITPOINT WARNING * * *
The yak gores you but does no damage.
As you read the scroll of teleportation, it crumbles to dust.
You feel strangely unstable.
Your skin stops crawling.
You feel less resistant to hostile enchantments.
The yak completely misses you. The yak barely misses you. x2
The yak closely misses you.
You hit the yak.
The yak is heavily wounded.
The yak gores you but does no damage. The yak gores you.
* * * LOW HITPOINT WARNING * * *
The yak gores you!
* * * LOW HITPOINT WARNING * * *
The yak gores you.
You die...

.. ... #######...
......... .........
#........ #........
#.Y...... #@Y......
#Y....... # #........
....############.#####..
.................# .
.................#
.................#
######...........#
###...........


You could see 3 yaks.

Vanquished Creatures
  The ghost of bogue1979 the Basher, a novice MiBe of Trog (D:6)
  The ghost of tensugalgo the Ruffian, an amateur NaFi (D:5)
  A wyvern (D:8)
  5 ogres
  A black bear (D:5)
  2 centaurs (D:5)
  A big kobold (D:8)
  3 bullfrogs
  A water moccasin zombie (D:6)
  2 scorpions
  7 killer bees
  The ghost of ThorGoll the Skirmisher, a weakling DEFi (D:3)
  A howler monkey (D:6)
  A crimson imp (D:8)
  A quasit (D:5)
  An orc priest (D:4)
  A jelly (D:5)
  2 hounds
  3 orc wizards
  A bullfrog skeleton (D:4)
  A centaur skeleton (D:4)
  An iguana (D:5)
  6 worker ants
  A hound skeleton (D:5)
  3 gnolls (D:7)
  6 adders
  3 oozes
  2 adder zombies
  3 adder skeletons
  2 worms
  2 dart slugs
  7 leopard geckos
  25 orcs
  2 giant cockroaches (D:2)
  8 goblins
  7 hobgoblins
  A jackal (D:6)
  14 kobolds
  3 quokkas
  4 bats
  5 frilled lizards
  A jackal skeleton (D:5)
  3 quokka skeletons
  7 rats
154 creatures vanquished.

Notes
Turn   | Place    | Note
-------+----------+-------------------------------------------
     0 | D:1      | Krosko the Troll Berserker began the quest for the Orb.
     0 | D:1      | Reached XP level 1. HP: 22/22 MP: 0/0
   750 | D:1      | Reached XP level 2. HP: 29/29 MP: 1/1
   761 | D:1      | Reached skill level 3 in Maces & Flails
   878 | D:2      | Reached XP level 3. HP: 22/36 MP: 2/2
  1077 | D:2      | Found a snail-covered altar of Cheibriados.
  1143 | D:2      | Found a shattered altar of Ashenzari.
  1188 | D:2      | Reached ** piety under Trog
  1606 | D:3      | Reached XP level 4. HP: 44/45 MP: 3/3
  1671 | D:3      | Noticed ThorGoll's ghost (weakling DEFi)
  1675 | D:3      | Killed ThorGoll's ghost
  1740 | D:3      | Found a glowing golden altar of the Shining One.
  1888 | D:3      | Reached skill level 4 in Maces & Flails
  2057 | D:3      | Reached XP level 5. HP: 53/53 MP: 4/4
  2233 | D:4      | Found a hide-covered altar of Uskayaw.
  2254 | D:4      | Reached XP level 6. HP: 57/62 MP: 5/5
  2323 | D:4      | Reached skill level 5 in Maces & Flails
  2525 | D:4      | Found a deep blue altar of Sif Muna.
  2627 | D:4      | Found a stormy altar of Qazlal.
  2663 | D:5      | Entered Level 5 of the Dungeon
  2680 | D:5      | Reached *** piety under Trog
  2680 | D:5      | Reached XP level 7. HP: 62/71 MP: 6/6
  2694 | D:5      | Reached skill level 5 in Fighting
  2701 | D:5      | Found a sparkling altar of Nemelex Xobeh.
  2724 | D:5      | Found a shadowy altar of Dithmenos.
  2923 | D:5      | Found a hazy altar of Hepliaklqana.
  2923 | D:5      | Found an opulent altar of Gozag.
  2949 | D:5      | Reached skill level 6 in Maces & Flails
  2973 | D:5      | Noticed tensugalgo's ghost (amateur NaFi)
  3015 | D:5      | Killed tensugalgo's ghost
  3015 | D:5      | Reached XP level 8. HP: 82/83 MP: 7/7
  3181 | D:5      | Reached skill level 7 in Maces & Flails
  3619 | D:6      | Found a sand-covered staircase.
  3890 | D:6      | Noticed bogue1979's ghost (novice MiBe)
  3901 | D:6      | Killed bogue1979's ghost
  3901 | D:6      | Reached skill level 8 in Maces & Flails
  3901 | D:6      | Reached XP level 9. HP: 65/93 MP: 8/8
  3955 | D:6      | Found Koimme's Magic Scroll Emporium.
  3970 | D:6      | Bought a scroll of identify for 26 gold pieces
  3970 | D:6      | Bought a scroll of enchant weapon for 97 gold pieces
  3970 | D:6      | Bought a scroll of identify for 26 gold pieces
  3970 | D:6      | Bought a scroll of teleportation for 39 gold pieces
  4241 | D:7      | Found a bloodstained altar of Trog.
  4429 | D:7      | Found a basalt altar of Yredelemnul.
  4520 | D:7      | Found a white marble altar of Elyvilon.
  4878 | D:7      | Found a staircase to the Ecumenical Temple.
  4893 | Temple   | Entered the Ecumenical Temple
  5404 | D:8      | Paralysed by fainting for 9 turns
  5674 | D:8      | Found an ancient bone altar of Kikubaaqudgha.
  5789 | D:8      | You fall through a shaft for 2 floors!
  5789 | D:10     | Entered Level 10 of the Dungeon
  5826 | D:10     | Noticed a two-headed ogre
  5872 | D:10     | HP: 3/96 [yak (11)]
  5872 | D:10     | Slain by a yak

Skill      XL: |  1  2  3  4  5  6  7  8  9 |
---------------+----------------------------+-----
Maces & Flails | 3 4 5 6 8 |  8.7
Fighting       | 3 4 6 7 |  7.9
Dodging        | 4 |  4.3

Action                   |  1- 3 |  4- 6 |  7- 9 || total
-------------------------+-------+-------+-------++-------
Melee: Mace              |   106 |   119 |   381 ||   606
       Giant spiked club |       |       |    23 ||    23
Invok: Berserk           |       |     3 |     9 ||    12
       Trog's Hand       |       |       |     8 ||     8
       Burn Spellbooks   |       |       |     1 ||     1
  Use: Scroll            |       |     2 |     8 ||    10
       Potion            |       |       |     3 ||     3
  Eat: Chunk             |    17 |    15 |    32 ||    64
       Ration            |       |       |     1 ||     1
Armor: Animal skin       |    43 |    28 |       ||    71
       Ice dragon scales |       |     6 |   305 ||   311
Dodge: Dodged            |    71 |    67 |   269 ||   407
